 Dungeon Crawl Stone Soup version 0.29-a0-925-g0a7a3d12f8 (webtiles) character file.

Game seed: 10340369350289033667

164 spaghetti the Trooper (level 5, -1/58 HPs)
             Began as an Ogre Fighter on July 28, 2022.
             Slain by a killer bee (3 damage)
             ... on level 4 of the Dungeon.
             The game lasted 00:06:54 (3524 turns).

spaghetti the Trooper (Ogre Fighter)                Turns: 3524, Time: 00:06:55

Health: -1/58      AC:  6    Str: 20    XL:     5   Next: 45%
Magic:  9/9        EV:  8    Int: 11    God:
Gold:   156        SH:  7    Dex:  8    Spells: 9/10 levels left

rFire   . . .      SeeInvis .     - Unarmed
rCold   . . .      Faith    .   b - +0 kite shield
rNeg    . . .      Spirit   .   a - +0 robe
rPois   .          Reflect  .   (helmet restricted)
rElec   .          Harm     .   x - +2 cloak
rCorr   .          Rampage  .   (gloves unavailable)
Will    .....                   (boots unavailable)
Stlth   +.........              (no amulet)
HPRegen 0.19/turn               (no ring)
MPRegen 0.11/turn               (no ring)

@: mighty, lethally poisoned (-1 -> -9), attractive
A: large, unfitting armour, tough skin 1
a: no special abilities


You were on level 4 of the Dungeon.
You visited 1 branch of the dungeon, and saw 4 of its levels.

You collected 156 gold pieces.


Innate Abilities, Weirdness & Mutations

You are too large for most types of armour.
You have tough skin. (AC +1)


   Skills:
 + Level 5.6 Fighting
 - Level 2.6 Dodging
 - Level 3.0 Shields
 + Level 3.1 Unarmed Combat
 + Level 3.0 Spellcasting


You had 9 spell levels left.
You knew the following spells:

 Your Spells              Type           Power      Damage    Failure   Level
a - Magic Dart            Conj           4%         1d3       52%         1

Your spell library contained the following spells:

 Spells                   Type           Power      Damage    Failure   Level


Inventory:

Hand Weapons
 c - a +0 spear {polearm}
   (You took it off Robin on level 3 of the Dungeon)
 d - a +0 club {mace}
   (You took it off a goblin on level 1 of the Dungeon)
 f - a +0 dagger {short}
   (You took it off a goblin on level 1 of the Dungeon)
 g - a +0 club {mace}
   (You took it off a goblin on level 1 of the Dungeon)
 i - a +0 club {mace}
   (You took it off a goblin on level 1 of the Dungeon)
 j - a +0 dagger {short}
   (You took it off a goblin on level 1 of the Dungeon)
 n - a +0 club {mace}
   (You took it off a goblin on level 1 of the Dungeon)
 p - a +0 dagger {short}
   (You took it off a goblin on level 1 of the Dungeon)
 r - a +0 dagger {short}
   (You took it off a goblin on level 2 of the Dungeon)
 t - a +2 sling of flaming
   (You found it on level 2 of the Dungeon)
 u - a +0 club {mace}
   (You took it off a kobold on level 2 of the Dungeon)
 w - a +0 dagger {short}
   (You took it off a kobold on level 2 of the Dungeon)
 y - a +0 dagger {short}
   (You found it on level 2 of the Dungeon)
 z - a +0 club {mace}
   (You took it off a goblin on level 2 of the Dungeon)
 C - a +0 club {mace}
   (You took it off a goblin on level 3 of the Dungeon)
 D - a +0 dagger {short}
   (You took it off a goblin on level 3 of the Dungeon)
 E - a +0 club {mace}
   (You took it off a goblin on level 3 of the Dungeon)
 F - a +0 dagger {short}
   (You took it off a goblin on level 3 of the Dungeon)
 G - a +0 dagger {short}
   (You took it off a goblin on level 3 of the Dungeon)
 H - a +0 club {mace}
   (You took it off a goblin on level 3 of the Dungeon)
 I - a +0 dagger {short}
   (You took it off a goblin on level 3 of the Dungeon)
 J - a +0 club {mace}
   (You took it off a goblin on level 3 of the Dungeon)
 K - a +0 club {mace}
   (You took it off a goblin on level 3 of the Dungeon)
 L - a +0 dagger {short}
   (You took it off a goblin on level 3 of the Dungeon)
 N - a +0 spear {polearm}
   (You found it on level 3 of the Dungeon)
 O - a +0 short sword {short}
   (You took it off an orc on level 3 of the Dungeon)
 P - a +0 spear {polearm}
   (You found it on level 3 of the Dungeon)
 S - a +0 quarterstaff {staff}
   (You found it on level 3 of the Dungeon)
Missiles
 k - 39 stones {throwing}
 v - 4 datura-tipped darts {throwing}
 B - 4 large rocks {=fthrowing}
Armour
 a - a +0 robe (worn)
 b - a +0 kite shield (worn)
 x - a +2 cloak (worn)
   (You found it on level 3 of the Dungeon)
Scrolls
 e - a scroll of teleportation {@r4}
 h - a scroll of enchant weapon
 l - 2 scrolls of identify {@r1}
 m - 3 scrolls of enchant armour
 o - a scroll of vulnerability {unknown}
 s - a scroll of magic mapping {unknown}
 A - a scroll of summoning {unknown}
 R - a scroll of noise {unknown}
 U - a scroll of fear {unknown}

Dungeon Overview and Level Annotations

Branches:
Dungeon (4/15) Zot: 20435
 Temple: D:4-7

Altars:

Shops:
D:3 [   D:4 :

Annotations:
D:1 1 transporter

#....#.........#...#
#....'..###+#####..#
#....#..##..#....###
#....#..##..#....#
#....#......#....#
#....#......#....#
###....+......#....#
.......#..##.......##
......y#@.##....♣...#
......yyy.##.÷÷♣.♣..#
.......#......♣...♣.#
#......#+###.♣..∩..♣#
+......#..##..♣...♣.#
#......+..##...♣.♣..#####
#......#..#.....♣.......#
#......#..##.......#....#
.......#..##..#....'....#


You could see 3 killer bees.


Message History

Unknown command.
You feel very mighty all of a sudden. The killer bee stings you. 😕 HP[-5]
You take 5 damage, and now have 53/58 hp.
Unknown command.
Unknown command.
Unknown command.
You miss the killer bee. The killer bee stings you.
You block the killer bee's attack. The killer bee barely misses you.
You block the killer bee's attack. 😕 HP[-6]
You take 6 damage, and now have 47/58 hp.
The killer bee attacks as you move away!
The killer bee stings you but does no damage.
The killer bee attacks as you move away!
The killer bee stings you!
You are poisoned.
The killer bee poisons you!
You feel sick. 😮 HP[-9]
You take 9 damage, and now have 38/58 hp.
Unknown command.
Unknown command.
Okay, then.
As you read the scroll labelled GYTEGE SUAPPIBB, it crumbles to dust.
It is a scroll of identify.
m - 3 scrolls of enchant armour You feel sick.
The killer bee barely misses you. The killer bee stings you!
* * * LOW HITPOINT WARNING * * *
The killer bee stings you.
* * * LOW HITPOINT WARNING * * *
The killer bee stings you!
* * * LOW HITPOINT WARNING * * *
😨 HP[-22]
You take 22 damage, and now have 16/58 hp.
MASSIVE DAMAGE!! (PAUSE)
Okay, then.
You feel much better.
You feel sick. You block the killer bee's attack. The killer bee stings you.
The killer bee stings you!
You are more poisoned.
The killer bee poisons you!
You block the killer bee's attack. 😮 HP[+14]
You regained 14 hp, and now have 30/58 hp.
As you read the scroll labelled LUSIKAELIO, it crumbles to dust.
It is a scroll of enchant weapon.
Really abort (and waste the scroll)?
Okay, then.
You feel very sick. The killer bee stings you.
* * * LOW HITPOINT WARNING * * *
The killer bee barely misses you. The killer bee stings you.
* * * LOW HITPOINT WARNING * * *
You are more poisoned.
The killer bee poisons you! You block the killer bee's attack.
Your magical contamination has completely faded away. 😨 HP[-8]
You take 8 damage, and now have 22/58 hp.
Unknown command.
It was a potion of magic.
Magic courses through your body.
* * * LOW HITPOINT WARNING * * *
You feel very sick. You block the killer bee's attack.
The killer bee barely misses you. The killer bee stings you.
* * * LOW HITPOINT WARNING * * *
The killer bee stings you but does no damage. 😱 HP[-11] MP[+2]
You take 11 damage, and now have 11/58 hp.
Your mp is fully restored (9).
It was a potion of attraction.
You feel attractive to monsters.
You hear the brisk hiss of a distant avalanche of sand.
* * * LOW HITPOINT WARNING * * *
You feel very sick. You block the killer bee's attack.
The killer bee stings you but does no damage. x2
The killer bee barely misses you. 😱 HP[-4]
You take 4 damage, and now have 7/58 hp.
Unknown command.
Unknown command.
Unknown command.
Unknown command.
As you read the scroll of identify {@r1}, it crumbles to dust.
e - a scroll of teleportation
* * * LOW HITPOINT WARNING * * *
You feel very sick.
The killer bee stings you but does no damage.
The killer bee barely misses you.
The killer bee stings you but does no damage.
The killer bee stings you.
* * * LOW HITPOINT WARNING * * *
😱 HP[-4]
You take 4 damage, and now have 3/58 hp.
Unknown command.
You miss the killer bee.
* * * LOW HITPOINT WARNING * * *
You feel sick.
The killer bee stings you but does no damage.
The killer bee barely misses you. The killer bee stings you.
You die...

Skill      XL: |  1  2  3  4  5 |
---------------+----------------+-----
Unarmed Combat | 2 3 |  3.1
Spellcasting   | 1 2 3 |  3.0
Fighting       | 5 |  5.6
Dodging        | |  2.6
Shields        | |  3.0

Action                   |  1- 3 |  4- 6 || total
-------------------------+-------+-------++-------
Melee: Unarmed           |   194 |    99 ||   293
Throw: Stone             |     3 |       ||     3
 Cast: Magic Dart        |     5 |    15 ||    20
  Use: Potion            |     2 |     6 ||     8
       Scroll            |       |     3 ||     3
Armor: Robe              |    74 |    34 ||   108
Dodge: Dodged            |    77 |    40 ||   117
Block: Kite shield       |    76 |    37 ||   113

Levels and vault maps discovered:
D:1:      spicycebolla_arrival_risky_transporter, layout_loops_ring
D:2:      layout_basic, shapermc_ecumenical_altar_rom_forum
D:3:      layout_rooms, serial_shops, shop, minmay_misc_feat_doors, uniq_robin
D:4:      minmay_polygon_palace, layout_gridville, serial_shops,
          nicolae_diamond_shop, lightli_ossuary_entry_decrepit_ruins

Notes
Turn   | Place    | Note
-------+----------+-------------------------------------------
     0 | D:1      | spaghetti the Ogre Fighter began the quest for the Orb.
     0 | D:1      | Reached XP level 1. HP: 24/24 MP: 1/1
     0 | D:1      | magus.rc [v1.9.6]
   200 | D:1      | Reached skill level 2 in Unarmed Combat
   212 | D:1      | Reached XP level 2. HP: 28/32 MP: 1/3
   325 | D:1      | Reached skill level 1 in Spellcasting
   972 | D:2      | Reached XP level 3. HP: 22/40 MP: 3/5
  1499 | D:2      | Found a faded altar of an unknown god.
  1516 | D:2      | Got Plato's Tome of the Barrage
  1584 | D:2      | Learned a level 1 spell: Magic Dart
  2121 | D:3      | Reached skill level 2 in Spellcasting
  2165 | D:3      | Reached skill level 5 in Fighting
  2165 | D:3      | Reached XP level 4. HP: 29/50 MP: 7/7
  2313 | D:3      | Noticed Robin
  2348 | D:3      | Killed Robin
  2719 | D:3      | Found Hufijiss's Armour Shop.
  3196 | D:4      | Found Cobbeotz's Book Boutique.
  3220 | D:4      | Reached skill level 3 in Unarmed Combat
  3220 | D:4      | Reached XP level 5. HP: 36/57 MP: 7/9
  3419 | D:4      | Reached skill level 3 in Spellcasting
  3521 | D:4      | HP: 11/58 [killer bee (6)]
  3523 | D:4      | HP: 4/58 [poisoned by a killer bee]
  3524 | D:4      | Slain by a killer bee

Vanquished Creatures
  A jelly (D:4)
  An iguana (D:4)
  Robin (D:3)
  3 adders
  A worm (D:3)
  A dart slug (D:3)
  An orc (D:3)
  An endoplasm (D:1)
  A giant cockroach (D:3)
  7 hobgoblins
  5 jackals
  3 quokkas
  2 ball pythons
  7 bats
  A frilled lizard (D:2)
  19 goblins
  2 kobolds (D:2)
  5 rats
62 creatures vanquished.

Vanquished Creatures (others)
  A fungus (D:2)
  A plant (D:2)
2 creatures vanquished.

Grand Total: 64 creatures vanquished

Table legend:
 A = Non-vault XP
 B = Vault XP
 C = Vault XP percentage of total XP
 D = Non-vault monster count
 E = Vault monster count
 F = Vault count percentage of total count
                 A         B        C        D         E       F
            +---------+---------+-------+---------+---------+-------
      Total |     198 |      37 |  15.7 |      49 |      13 |  21.0
            +---------+---------+-------+---------+---------+-------
        D:1 |      29 |       0 |   0.0 |      16 |       0 |   0.0
        D:2 |      47 |       0 |   0.0 |      16 |       0 |   0.0
        D:3 |      36 |      37 |  50.7 |      11 |      13 |  54.2
        D:4 |      86 |       0 |   0.0 |       6 |       0 |   0.0
            +---------+---------+-------+---------+---------+-------

Illustrated notes

Table legend:
 A = Kills in this place as a percentage of kills in entire the game.
 B = Kills by you in this place as a percentage of kills by you in the entire game.
 C = Kills by friends in this place as a percentage of kills by friends in the entire game.
 D = Other kills in this place as a percentage of other kills in the entire game.
 E = Experience gained in this place as a percentage of experience gained in the entire game.
 F = Experience gained in this place divided by the number of levels of this place that you have seen.
                   A       B       C       D       E      F
               +-------+-------+-------+-------+-------+----------------------
         Total | 100.0 | 100.0 |   N/A |   N/A | 100.0 |  58.8
       Dungeon | 100.0 | 100.0 |   N/A |   N/A | 100.0 |  58.8
               +-------+-------+-------+-------+-------+----------------------

Table legend: (Time is in decaauts)
 A = Elapsed time spent in this place.
 B = Non-inter-level travel time spent in this place.
 C = Inter-level travel time spent in this place.
 D = Time resting spent in this place.
 E = Time spent auto-exploring this place.
 F = Levels seen in this place.
 G = Mean time per level.
                   A        B        C        D        E       F      G
               +--------+--------+--------+--------+--------+-----+--------+
         Total |   3563 |   3537 |     26 |      7 |   2904 |   4 |  890.8 |
       Dungeon |   3563 |   3537 |     26 |      7 |   2904 |   4 |  890.8 |
               +--------+--------+--------+--------+--------+-----+--------+

Top non-repeatable levels by time:
     D:2: 1306 daAuts
     D:3: 1081 daAuts
     D:1: 819 daAuts
     D:4: 355 daAuts
